 Dungeon Crawl Stone Soup version 0.31-a0-40-g1d5085d191 (webtiles) character file.

Game seed: 10356639714240546442

510 pk666 the Magician (level 6, 0/32 HPs)
             Began as a Deep Elf Fire Elementalist on May 17, 2023.
             Was an Initiate of Vehumet.
             Slain by a gnoll
             ... wielding a +0 halberd of protection
             ... led by a gnoll bouda
              (9 damage)
             ... on level 5 of the Dungeon.
             The game lasted 00:07:29 (4758 turns).

pk666 the Magician (Deep Elf Fire Elementalist)     Turns: 4758, Time: 00:07:30

Health: 0/32       AC:  2    Str:  5    XL:     6   Next: 98%
Magic:  12/16      EV: 14    Int: 22    God:    Vehumet [......]
Gold:   160        SH:  0    Dex: 15    Spells: 9/16 levels left

rFire   . . .        p - staff of conjuration
rCold   . . .        (no shield)
rNeg    . . .        a - +0 robe
rPois   .            (no helmet)
rElec   .            (no cloak)
rCorr   .            (no gloves)
SInv    .            (no boots)
Will    .....        (no amulet)
Stlth   ++           (no ring)
HPRegen 0.25/turn    (no ring)
MPRegen 0.15/turn

%: no passive effects
@: no status effects
A: no striking features
a: Renounce Religion


You were on level 5 of the Dungeon.
You worshipped Vehumet.
Vehumet was noncommittal.
You visited 2 branches of the dungeon, and saw 6 of its levels.

You collected 160 gold pieces.

Inventory:

Armour
 a - a +0 robe (worn)
Magical Staves
 p - a staff of conjuration (weapon)
Scrolls
 d - a scroll of butterflies {unknown}
 e - 4 scrolls of teleportation
 f - a scroll of fear {unknown}
 i - 2 scrolls of identify
 k - a scroll of vulnerability {unknown}
 o - a scroll of immolation {unknown}
Potions
 b - 3 potions of magic
 c - 2 potions of curing
 g - a potion of resistance {unknown}
 h - 2 potions of invisibility
 l - a potion of cancellation {unknown}
 m - a potion of might {unknown}
 n - 2 potions of flight


   Skills:
 + Level 5.0 Dodging
 - Level 2.4 Stealth
 + Level 5.6 Spellcasting
 + Level 4.0 Conjurations
 + Level 5.1 Fire Magic


You had 9 spell levels left.
You knew the following spells:

 Your Spells              Type           Power      Damage    Failure   Level
a - Foxfire               Conj/Fire      100%       2x1d9     1%          1
b - Scorch                Fire           56%        2d7       1%          2
c - Flame Wave            Conj/Fire      39%        2d11      14%         4

Your spell library contained the following spells:

 Spells                   Type           Power      Damage    Failure   Level
 Static Discharge         Conj/Air       44%        2-4/arc   6%          2
 Apportation              Tloc           12%        N/A       10%         1
 Necrotise                Necr           24%        1d5       10%         1
 Summon Small Mammal      Summ           24%        N/A       10%         1
 Inner Flame              Hex/Fire       17%        N/A       10%         3
 Volatile Blastmotes      Fire/Tloc      34%        2d12      10%         3
 Sublimation of Blood     Necr           6%         N/A       14%         2
 Wereblood                Tmut           6%         N/A       14%         2
 Airstrike                Air            3%         2d(1-17)  67%         4
 Petrify                  Tmut/Erth      6%         N/A       67%         4
 Summon Lightning Spire   Summ/Air       6%         N/A       67%         4
 Metabolic Englaciation   Hex/Ice        3%         N/A       95%         5
 Statue Form              Tmut/Erth      4%         N/A       100%        6
 Summon Hydra             Summ           3%         N/A       100%        7


Dungeon Overview and Level Annotations

Branches:
Dungeon (5/15)             Temple (1/1) D:4

Altars:
Ashenzari
Cheibriados
Dithmenos
Elyvilon
Fedhas
Gozag
Hepliaklqana
Makhleb
Nemelex Xobeh
Qazlal
Sif Muna
Trog
Uskayaw
Vehumet
Wu Jian
Xom
Yredelemnul

Shops:
D:1 *


Message History

Your Dodging skill increases to level 5!
There is a stone staircase leading up here.
Casting: Foxfire (safe; 1% risk of failure)
Confirm with . or Enter, or press ? or * to list all spells.
You feel a surge of power!
You conjure some foxfire!
The gnoll bouda gazes fiercely through you!
You feel your attacks grow feeble.
The foxfire hits the gnoll.
The gnoll is heavily wounded.
The foxfire hits the gnoll.
The gnoll is heavily wounded.
Casting: Foxfire (safe; 1% risk of failure)
Confirm with . or Enter, or press ? or * to list all spells.
You feel a surge of power!
You conjure some foxfire!
The foxfire hits the gnoll.
The gnoll is almost dead.
The foxfire hits the gnoll.
You kill the gnoll!
Vehumet accepts your kill.
Casting: Foxfire (safe; 1% risk of failure)
Confirm with . or Enter, or press ? or * to list all spells.
You feel a surge of power!
You conjure some foxfire!
The foxfire hits the gnoll bouda.
The gnoll bouda is lightly wounded.
The foxfire hits the gnoll bouda but does no damage.
The gnoll bouda is lightly wounded.
Casting: Foxfire (safe; 1% risk of failure)
Confirm with . or Enter, or press ? or * to list all spells.
You feel a surge of power!
You conjure some foxfire!
Your attacks no longer feel as feeble.
The foxfire hits the gnoll bouda but does no damage.
The gnoll bouda is lightly wounded.
The foxfire hits the gnoll bouda.
The gnoll bouda is moderately wounded.
The gnoll hits you from afar with a +0 halberd!
The gnoll hits you from afar with a +0 halberd of protection!
* * * LOW HITPOINT WARNING * * *
The gnoll barely misses you.
The gnoll hits you from afar with a +0 halberd of protection!
You die...

.. ..... ... #.#.#
##### .... #o...
#...# .....##....
#...# )...........
#...#o.##. #go<.#
#..g..............
#..o#.###$##.#####
#@gg..# #..
#ยง...## #. ###..#
.. ..# .. #... ...
.##. .# .


You could see a gnoll bouda, 2 gnolls and 2 orcs.

Vanquished Creatures
  Grinder (D:3)
  A gnoll bouda (D:3)
  Terence (D:3)
  12 gnolls
  8 adders
  A dart slug (D:2)
  2 orcs (D:4)
  5 ball pythons
  8 bats
  6 endoplasms
  A giant cockroach (D:3)
  5 hobgoblins
  4 jackals (D:3)
  A quokka (D:1)
  4 frilled lizards
  5 goblins
  6 kobolds
  4 rats
75 creatures vanquished.

Vanquished Creatures (collateral kills)
  4 foxfires (D:2)
4 creatures vanquished.

Vanquished Creatures (others)
  252 foxfires
252 creatures vanquished.

Grand Total: 331 creatures vanquished

Notes
Turn   | Place    | Note
-------+----------+-------------------------------------------
     0 | D:1      | pk666 the Deep Elf Fire Elementalist began the quest for
                  | the Orb.
     0 | D:1      | Reached XP level 1. HP: 10/10 MP: 6/6
   132 | D:1      | Found a faded altar of an unknown god.
   295 | D:1      | Found Kuwnotti's Assorted Antiques.
   363 | D:1      | Reached XP level 2. HP: 15/15 MP: 5/8
   366 | D:1      | Learned a level 2 spell: Scorch
   987 | D:2      | Reached XP level 3. HP: 19/19 MP: 5/10
  2215 | D:3      | Noticed Terence
  2217 | D:3      | Reached XP level 4. HP: 17/24 MP: 7/11
  2465 | D:3      | Reached XP level 5. HP: 28/28 MP: 8/13
  2614 | D:3      | Killed Terence
  2788 | D:3      | Found an ornate altar of the Wu Jian Council.
  3122 | D:3      | Noticed Grinder
  3131 | D:3      | Killed Grinder
  3132 | D:3      | Reached skill level 5 in Spellcasting
  3132 | D:3      | Reached skill level 5 in Fire Magic
  3132 | D:3      | Reached XP level 6. HP: 32/32 MP: 2/16
  3246 | D:3      | Learned a level 4 spell: Flame Wave
  3552 | D:4      | Found a staircase to the Ecumenical Temple.
  3565 | Temple   | Entered the Ecumenical Temple
  3778 | D:4      | Found a radiant altar of Vehumet.
  3796 | D:4      | Became a worshipper of Vehumet
  4555 | D:5      | Entered Level 5 of the Dungeon
  4749 | D:5      | Reached skill level 5 in Dodging
  4758 | D:5      | Slain by a gnoll

Illustrated notes

Levels and vault maps discovered:
D:1:      lemuel_arrival_behind_the_door_small, layout_rooms, serial_shops,
          nicolae_shop_hallway_plus, shapermc_ecumenical_altar_venn,
          ebering_dispersal_statue_hall
D:2:      layout_loops_corners, serial_bayou_ford_a
D:3:      layout_rooms, nicolae_wu_jian_wuxing_cycle, uniq_grinder, uniq_terence
D:4:      layout_loops_corners, kennysheep_little_box,
          minmay_temple_entry_water_ring, portal_sewer_entry_d
D:5:      layout_rooms, uniq_ijyb
Temple:   nicolae_temple_bog_church

Skill      XL: |  1  2  3  4  5  6 |
---------------+-------------------+-----
Dodging        | 3 4 5 |  5.0
Conjurations   | 2 3 4 |  4.0
Spellcasting   | 4 5 |  5.6
Fire Magic     | 4 5 |  5.1
Stealth        | |  2.4

Action                     |  1- 3 |  4- 6 || total
---------------------------+-------+-------++-------
   Cast: Foxfire           |    84 |    71 ||   155
         Scorch            |     4 |    30 ||    34
    Use: Scroll            |       |     4 ||     4
 Armour: Robe              |     3 |       ||     3
  Dodge: Dodged            |     8 |    13 ||    21

Table legend: (Time is in decaauts)
 A = Elapsed time spent in this place.
 B = Non-inter-level travel time spent in this place.
 C = Inter-level travel time spent in this place.
 D = Time resting spent in this place.
 E = Time spent auto-exploring this place.
 F = Levels seen in this place.
 G = Mean time per level.
                   A        B        C        D        E       F      G
               +--------+--------+--------+--------+--------+-----+--------+
         Total |   4778 |   4521 |    257 |    875 |   3047 |   6 |  796.3 |
       Dungeon |   4578 |   4343 |    235 |    875 |   2883 |   5 |  915.6 |
        Temple |    199 |    177 |     22 |      0 |    164 |   1 |  199.0 |
               +--------+--------+--------+--------+--------+-----+--------+

Top non-repeatable levels by time:
     D:2: 1284 daAuts
     D:3: 1262 daAuts
     D:4: 1064 daAuts
     D:1: 945 daAuts
  Temple: 199 daAuts
     D:5: 22 daAuts
